HSSL
RANDALL HS RAIDERS @ MOUNTAIN POINTE HS
04/22/2030
 
TOP OF THE 1ST
Randall HS Raiders batting - Pitching for Mountain Pointe HS : RHP Ken Johnson
Pitching: RHP Ken Johnson
Batting: RHB Tony Burhoe 0-0: Ball
1-0: Ball
2-0: Foul Ball, location: 2F
2-1: Ball
3-1: Base on Balls
Batting: LHB En-guo Wang 0-0: Called Strike
0-1: Foul Ball, location: 2F
0-2: Grounds into double play, 1-6-3 (Groundball, P)
Batting: RHB John Zhu 0-0: Ball
1-0: Called Strike
1-1: Fly out, F9 (Flyball, 9LSF)
Top of the 1st over - 0 runs, 0 hits, 0 errors, 0 left on base; Randall HS 0 - Mountain Pointe HS 0
BOTTOM OF THE 1ST
Mountain Pointe HS batting - Pitching for Randall HS Raiders : LHP Robbie Dukes
Pitching: LHP Robbie Dukes
Batting: LHB Jesús Romero 0-0: Called Strike
0-1: Ball
1-1: Foul Ball, location: 2F
1-2: Ground out U3 (Groundball, 3)
Batting: RHB Reggie Snyder 0-0: Ball
1-0: Ball
2-0: Ground out 4-3 (Groundball, 34)
Batting: RHB Vince Scovell 0-0: Ground out 6-3 (Groundball, 6)
Bottom of the 1st over - 0 runs, 0 hits, 0 errors, 0 left on base; Randall HS 0 - Mountain Pointe HS 0
TOP OF THE 2ND
Randall HS Raiders batting - Pitching for Mountain Pointe HS : RHP Ken Johnson
Batting: RHB Michael Brown 0-0: Called Strike
0-1: Ball
1-1: Called Strike
1-2: Ball
2-2: Ball
3-2: Base on Balls
Batting: RHB Carlos Rivera 0-0: Ball
1-0: Ball
2-0: Foul Ball, location: 2F
2-1: Ball
3-1: Base on Balls
Michael Brown to second
Batting: RHB Brody Sexton 0-0: Ball
1-0: Foul Ball, location: 2F
1-1: Ball
2-1: Fly out, F7 (Flyball, 7LMF)
Batting: LHB Robert Wright 0-0: Ball
1-0: Ball
2-0: Ball
3-0: Base on Balls
Michael Brown to third
Carlos Rivera to second
Batting: LHB Kade Clark 0-0: Ball
1-0: Ball
2-0: Foul Ball, location: 2F
2-1: Ball
3-1: Base on Balls
Michael Brown scores
Carlos Rivera to third
Robert Wright to second
Batting: RHB Luis Sánchez 0-0: Foul Ball, location: 2F
0-1: Swinging Strike
0-2: Ball
1-2: Foul Ball, location: 2F
1-2: Ball
2-2: Ball
3-2: Fly out, F5 (Popup, 5)
Batting: RHB Tony Burhoe 0-0: Foul Ball, location: 2F
0-1: Swinging Strike
0-2: Foul Ball, location: 2F
0-2: Strikes out swinging
Top of the 2nd over - 1 run, 0 hits, 0 errors, 3 left on base; Randall HS 1 - Mountain Pointe HS 0
BOTTOM OF THE 2ND
Mountain Pointe HS batting - Pitching for Randall HS Raiders : LHP Robbie Dukes
Batting: LHB Jeff Turner 0-0: Called Strike
0-1: Fly out, F2 (Popup, 25F)
Batting: RHB Matt Lehman 0-0: Ball
1-0: Called Strike
1-1: Ball
2-1: Foul Ball, location: 2F
2-2: Fly out, F3 (Popup, 3SF)
Batting: SHB Zach Weaver 0-0: Ball
1-0: Foul Ball, location: 2F
1-1: Ball
2-1: Foul Ball, location: 2F
2-2: Ball
3-2: Foul Ball, location: 2F
3-2: Base on Balls
Batting: LHB Aaron Lancaster 0-0: Ball
1-0: Ground out 4-3 (Groundball, 4)
Bottom of the 2nd over - 0 runs, 0 hits, 0 errors, 1 left on base; Randall HS 1 - Mountain Pointe HS 0
TOP OF THE 3RD
Randall HS Raiders batting - Pitching for Mountain Pointe HS : RHP Ken Johnson
Batting: LHB En-guo Wang 0-0: Fly out, F7 (Flyball, 7)
Batting: RHB John Zhu 0-0: Fly out, F7 (Line Drive, 7)
Batting: RHB Michael Brown 0-0: SOLO HOME RUN (Flyball, 7LD), Distance : 374 ft
Batting: RHB Carlos Rivera 0-0: Foul Ball, location: 2F
0-1: Called Strike
0-2: Ball
1-2: Strikes out swinging
Top of the 3rd over - 1 run, 1 hit, 0 errors, 0 left on base; Randall HS 2 - Mountain Pointe HS 0
BOTTOM OF THE 3RD
Mountain Pointe HS batting - Pitching for Randall HS Raiders : LHP Robbie Dukes
Batting: RHB David Page 0-0: Ball
1-0: Swinging Strike
1-1: Ball
2-1: SINGLE (Line Drive, 56)
Batting: RHB Mark Fry 0-0: Ball
1-0: Fly out, F7 (Flyball, 7LS)
Batting: LHB Jesús Romero 0-0: Ball
1-0: Foul Ball, location: 2F
1-1: Called Strike
1-2: Strikes out looking
Batting: RHB Reggie Snyder 0-0: Called Strike
0-1: Ball
1-1: Ball
2-1: Fly out, F9 (Flyball, 9LSF)
Bottom of the 3rd over - 0 runs, 1 hit, 0 errors, 1 left on base; Randall HS 2 - Mountain Pointe HS 0
TOP OF THE 4TH
Randall HS Raiders batting - Pitching for Mountain Pointe HS : RHP Ken Johnson
Batting: RHB Brody Sexton 0-0: Fly out, F3 (Popup, 3F)
Batting: LHB Robert Wright 0-0: Called Strike
0-1: Ball
1-1: Ball
2-1: Foul Ball, location: 2F
2-2: DOUBLE (Line Drive, 8LD)
Batting: LHB Kade Clark 0-0: Foul Ball, location: 2F
0-1: Foul Ball, location: 2F
0-2: Hit by Pitch
Batting: RHB Luis Sánchez 0-0: Ball
1-0: Ball
2-0: Called Strike
2-1: Foul Ball, location: 2F
2-2: Strikes out swinging
Batting: RHB Tony Burhoe 0-0: Swinging Strike
Passed Ball!
Robert Wright to third
Kade Clark to second
0-1: Called Strike
0-2: Strikes out looking
Top of the 4th over - 0 runs, 1 hit, 0 errors, 2 left on base; Randall HS 2 - Mountain Pointe HS 0
BOTTOM OF THE 4TH
Mountain Pointe HS batting - Pitching for Randall HS Raiders : LHP Robbie Dukes
Batting: RHB Vince Scovell 0-0: Foul Ball, location: 2F
0-1: Ground out 6-3 (Groundball, 6)
Batting: LHB Jeff Turner 0-0: Ball
1-0: Swinging Strike
1-1: SINGLE (Line Drive, 4D)
Batting: RHB Matt Lehman 0-0: Called Strike
0-1: Foul Ball, location: 2F
0-2: Ball
1-2: Ball
2-2: Ball
3-2: SINGLE (Groundball, 34D)
Jeff Turner to second
Runner from 2nd tries for 3rd, SAFE, no throw
Batting: SHB Zach Weaver 0-0: Swinging Strike
0-1: Foul Ball, location: 2F
0-2: Strikes out swinging
Batting: LHB Aaron Lancaster 0-0: Ball
1-0: Ball
2-0: Fly out, F9 (Line Drive, 9)
Bottom of the 4th over - 0 runs, 2 hits, 0 errors, 2 left on base; Randall HS 2 - Mountain Pointe HS 0
TOP OF THE 5TH
Randall HS Raiders batting - Pitching for Mountain Pointe HS : RHP Ken Johnson
Batting: LHB En-guo Wang 0-0: Fly out, F8 (Flyball, 89D)
Batting: RHB John Zhu 0-0: SINGLE (Groundball, 6MD)
Batting: RHB Michael Brown 0-0: Ball
1-0: Foul Ball, location: 2F
1-1: Foul Ball, location: 2F
1-2: Ball
2-2: Foul Ball, location: 2F
2-2: Foul Ball, location: 2F
2-2: Fly out, F7 (Flyball, 78M)
Batting: RHB Carlos Rivera 0-0: Fly out, F7 (Flyball, 78M)
Top of the 5th over - 0 runs, 1 hit, 0 errors, 1 left on base; Randall HS 2 - Mountain Pointe HS 0
BOTTOM OF THE 5TH
Mountain Pointe HS batting - Pitching for Randall HS Raiders : LHP Robbie Dukes
Batting: RHB David Page 0-0: Called Strike
0-1: Foul Ball, location: 2F
0-2: Ball
1-2: Strikes out swinging
Batting: RHB Mark Fry 0-0: Swinging Strike
0-1: Called Strike
0-2: Strikes out looking
Batting: LHB Jesús Romero 0-0: Ball
1-0: Called Strike
1-1: Ball
2-1: Ball
3-1: Foul Ball, location: 2F
3-2: Ground out 6-3 (Groundball, 6)
Bottom of the 5th over - 0 runs, 0 hits, 0 errors, 0 left on base; Randall HS 2 - Mountain Pointe HS 0
TOP OF THE 6TH
Randall HS Raiders batting - Pitching for Mountain Pointe HS : RHP Ken Johnson
Pitching: RHP Paul Barteaux
Batting: RHB Brody Sexton 0-0: Ball
1-0: Foul Ball, location: 2F
1-1: Hit by Pitch
Batting: LHB Robert Wright 0-0: Ball
1-0: Swinging Strike
1-1: Foul Ball, location: 2F
1-2: Strikes out swinging
Batting: LHB Kade Clark 0-0: Called Strike
0-1: Foul Ball, location: 2F
0-2: Ball
1-2: Reached on error, E4 (Groundball, 4)
Brody Sexton to second
Batting: RHB Luis Sánchez 0-0: Ball
1-0: Swinging Strike
1-1: Fielders Choice at 2nd, 1-6 (Groundball, 13)
Brody Sexton to third
Batting: RHB Tony Burhoe 0-0: Fly out, F9 (Flyball, 89S)
Top of the 6th over - 0 runs, 0 hits, 1 error, 2 left on base; Randall HS 2 - Mountain Pointe HS 0
BOTTOM OF THE 6TH
Mountain Pointe HS batting - Pitching for Randall HS Raiders : LHP Robbie Dukes
Batting: RHB Reggie Snyder 0-0: Foul Ball, location: 2F
0-1: Swinging Strike
0-2: Ground out 4-3 (Groundball, 4M)
Batting: RHB Vince Scovell 0-0: Ball
1-0: Called Strike
1-1: Foul Ball, location: 2F
1-2: SOLO HOME RUN (Flyball, 7LD), Distance : 363 ft
Batting: LHB Jeff Turner 0-0: Ball
1-0: Called Strike
1-1: Foul Ball, location: 2F
1-2: Ball
2-2: DOUBLE (Line Drive, 89M)
Pitching: LHP George Knight
Batting: RHB Matt Lehman 0-0: Ball
1-0: Ball
2-0: Called Strike
2-1: Ball
3-1: Base on Balls
Batting: SHB Zach Weaver 0-0: Called Strike
0-1: Ball
1-1: Called Strike
1-2: Ball
2-2: Fly out, F8 (Flyball, 8RD)
Batting: LHB Aaron Lancaster 0-0: Called Strike
0-1: Ball
1-1: Ball
2-1: Swinging Strike
2-2: Strikes out swinging
Bottom of the 6th over - 1 run, 2 hits, 0 errors, 2 left on base; Randall HS 2 - Mountain Pointe HS 1
TOP OF THE 7TH
Randall HS Raiders batting - Pitching for Mountain Pointe HS : RHP Paul Barteaux
Batting: LHB En-guo Wang 0-0: Swinging Strike
0-1: SOLO HOME RUN (Flyball, 89XD), Distance : 433 ft
Batting: RHB John Zhu 0-0: Swinging Strike
0-1: Ground out 4-3 (Groundball, 4)
Batting: RHB Michael Brown 0-0: Swinging Strike
0-1: Swinging Strike
0-2: Ball
1-2: Ball
2-2: Strikes out swinging
Batting: RHB Carlos Rivera 0-0: Ball
1-0: SINGLE (Flyball, 8RS)
Batting: RHB Brody Sexton 0-0: Ball
1-0: SINGLE (Groundball, 4D)
Carlos Rivera to second
Runner from 2nd tries for 3rd, SAFE, no throw
Batting: LHB Robert Wright 0-0: Ball
1-0: Ball
2-0: Reached on error, E9 (Flyball, 9)
Carlos Rivera scores
Brody Sexton to third
Batting: LHB Kade Clark 0-0: TRIPLE (Flyball, 89XD)
Brody Sexton scores
Robert Wright scores
Batting: RHB Luis Sánchez 0-0: Fly out, F7 (Flyball, 7D)
Top of the 7th over - 4 runs, 4 hits, 1 error, 1 left on base; Randall HS 6 - Mountain Pointe HS 1
BOTTOM OF THE 7TH
Mountain Pointe HS batting - Pitching for Randall HS Raiders : LHP George Knight
Batting: RHB David Page 0-0: Called Strike
0-1: Ball
1-1: Foul Ball, location: 2F
1-2: Ground out 6-3 (Groundball, 6)
Batting: RHB Mark Fry 0-0: Called Strike
0-1: Swinging Strike
0-2: Strikes out looking
Batting: LHB Jesús Romero 0-0: Fly out, F7 (Flyball, 7S)
Bottom of the 7th over - 0 runs, 0 hits, 0 errors, 0 left on base; Randall HS 6 - Mountain Pointe HS 1
TOP OF THE 8TH
Randall HS Raiders batting - Pitching for Mountain Pointe HS : RHP Paul Barteaux
Pitching: RHP Nick Simmons
Batting: RHB Tony Burhoe 0-0: Foul Ball, location: 2F
0-1: Foul Ball, location: 2F
0-2: Foul Ball, location: 2F
0-2: Strikes out swinging
Batting: LHB En-guo Wang 0-0: Ball
1-0: Foul Ball, location: 2F
1-1: Swinging Strike
1-2: Ball
2-2: Ground out 3-1 (Groundball, 34)
Batting: RHB John Zhu 0-0: Swinging Strike
0-1: Ball
1-1: Ground out 4-3 (Groundball, 4S)
Top of the 8th over - 0 runs, 0 hits, 0 errors, 0 left on base; Randall HS 6 - Mountain Pointe HS 1
BOTTOM OF THE 8TH
Mountain Pointe HS batting - Pitching for Randall HS Raiders : LHP George Knight
Batting: RHB Reggie Snyder 0-0: Swinging Strike
0-1: Ball
1-1: SINGLE (Line Drive, 9S)
Batting: RHB Vince Scovell 0-0: Ball
1-0: Ball
2-0: Called Strike
2-1: Fly out, F3 (Popup, 34S)
Batting: LHB Jeff Turner 0-0: Called Strike
0-1: Swinging Strike
0-2: Ball
1-2: Ball
2-2: Ball
3-2: Foul Ball, location: 2F
3-2: Base on Balls
Reggie Snyder to second
Batting: RHB Matt Lehman 0-0: Called Strike
0-1: Grounds into double play, 6-4-3 (Groundball, 6)
Bottom of the 8th over - 0 runs, 1 hit, 0 errors, 1 left on base; Randall HS 6 - Mountain Pointe HS 1
TOP OF THE 9TH
Randall HS Raiders batting - Pitching for Mountain Pointe HS : RHP Nick Simmons
Pitching: RHP David Guy
Batting: RHB Michael Brown 0-0: Called Strike
0-1: Swinging Strike
0-2: Foul Ball, location: 2F
0-2: Foul Ball, location: 2F
0-2: Ball
1-2: Ball
2-2: Ball
3-2: SINGLE (Line Drive, 8LS)
Batting: RHB Carlos Rivera 0-0: Ball
1-0: Foul Ball, location: 2F
1-1: Ball
2-1: Ball
3-1: Base on Balls
Michael Brown to second
Batting: RHB Brody Sexton 0-0: Swinging Strike
0-1: Bunted foul
0-2: Strikes out swinging
Batting: LHB Robert Wright 0-0: 3-RUN HOME RUN (Flyball, 9LD), Distance : 360 ft
Batting: LHB Kade Clark 0-0: Foul Ball, location: 2F
0-1: Ball
1-1: Ball
2-1: Swinging Strike
2-2: Fly out, F7 (Line Drive, 7D)
Batting: RHB Luis Sánchez 0-0: Called Strike
0-1: Foul Ball, location: 2F
0-2: Foul Ball, location: 2F
0-2: Ground out 6-3 (Groundball, 6M)
Top of the 9th over - 3 runs, 2 hits, 0 errors, 0 left on base; Randall HS 9 - Mountain Pointe HS 1
BOTTOM OF THE 9TH
Mountain Pointe HS batting - Pitching for Randall HS Raiders : LHP George Knight
Batting: SHB Zach Weaver 0-0: Swinging Strike
0-1: Ball
1-1: Ball
2-1: Ground out 5-3 (Groundball, 56)
Batting: LHB Aaron Lancaster 0-0: Swinging Strike
0-1: Foul Ball, location: 2F
0-2: Foul Ball, location: 2F
0-2: SINGLE (Groundball, 6D)
Batting: RHB David Page 0-0: Swinging Strike
0-1: Foul Ball, location: 2F
0-2: Ball
1-2: Ball
2-2: Strikes out looking
Batting: RHB Mark Fry 0-0: Fly out, F9 (Flyball, 9)
Bottom of the 9th over - 0 runs, 1 hit, 0 errors, 1 left on base; Randall HS 9 - Mountain Pointe HS 1
Saturday, April 7th, 2018 - OOTP Baseball 18.8 Build 76